 Seeded DCSS version 0.29.1-13-g9f3cf754e1 (webtiles) character file.

Game seed: 11783567295339809362 (custom seed)

11 tkbsonic5 the Ducker (level 2, -6/18 HPs)
             Began as a Deep Elf Monk on Feb 12, 2023.
             Mangled by a gnoll
             ... wielding a +1 vampiric whip
              (8 damage)
             ... on level 1 of the Dungeon.
             The game lasted 00:03:08 (956 turns).

tkbsonic5 the Ducker (Deep Elf Monk)                 Turns: 956, Time: 00:03:08

Health: -6/18      AC:  3    Str:  8    XL:     2   Next: 17%
Magic:  5/5        EV: 17    Int: 14    God:
Gold:   33         SH:  0    Dex: 17    Spells: 1/3 levels left

rFire   . . .      SeeInvis .   a - +0 short sword
rCold   . . .      Faith    .   (no shield)
rNeg    . . .      Spirit   .   b - +1 robe
rPois   .          Reflect  .   (no helmet)
rElec   .          Harm     .   (no cloak)
rCorr   .          Rampage  .   (no gloves)
Will    .....                   (no boots)
Stlth   ++........              (no amulet)
HPRegen 0.06/turn               h - ring of wizardry
MPRegen 0.09/turn               j - +4 ring of evasion

@: no status effects
A: no striking features
a: no special abilities


You were on level 1 of the Dungeon.
You visited 1 branch of the dungeon, and saw 2 of its levels.

You collected 33 gold pieces.

Inventory:

Hand Weapons
 a - a +0 short sword (weapon)
 g - a +0 spear
Armour
 b - a +1 robe (worn)
 l - a +0 ring mail
 o - a +0 leather armour
Jewellery
 h - a ring of wizardry (left hand)
 j - a +4 ring of evasion (right hand)
Potions
 c - a potion of ambrosia
 f - a potion of mutation {unknown}
 i - a potion of lignification {unknown}
 m - a potion of curing {unknown}


   Skills:
 * Level 2.5 Fighting
 * Level 3.1 Short Blades
 * Level 3.8 Dodging
 + Level 2.7 Stealth
 * Level 1.1 Spellcasting
 * Level 0.0 Transmutations


You had one spell level left.
You knew the following spells:

 Your Spells              Type           Power      Damage    Failure   Level
a - Wereblood             Tmut           0%         N/A       16%         2

Your spell library contained the following spells:

 Spells                   Type           Power      Damage    Failure   Level
 Sublimation of Blood     Necr           0%         N/A       16%         2
 Summon Hydra             Summ           0%         N/A       100%        7


Dungeon Overview and Level Annotations

Branches:
Dungeon (2/15)

Altars:


Message History

As you read the scroll labelled ELUITT KACIEH, it crumbles to dust.
It is a scroll of amnesia.
Really abort (and waste the scroll)?
Okay, then.
The air fills with toxic fumes!
As you read the scroll labelled ERIOGY FUTEI, it crumbles to dust.
It was a scroll of poison.
You start waiting.
Something unseen opens the door.
A gnoll comes into view. It is wielding a +1 vampiric whip.
The gnoll shouts!
You hear a shout!
An adder comes into view.
There is a stone staircase leading up here.
The gnoll completely misses you.
You climb upwards.
There is a stone staircase leading down here.
You closely miss the gnoll. The gnoll completely misses you.
You hit the gnoll.
The gnoll is lightly wounded.
The gnoll barely misses you.
You hit the gnoll.
The gnoll is moderately wounded.
The gnoll hits you with a +1 vampiric whip.
You hit the gnoll but do no damage.
The gnoll is lightly wounded.
The gnoll hits you with a +1 vampiric whip.
The gnoll draws strength from your wounds!
You hit the gnoll.
The gnoll is lightly wounded.
The gnoll hits you with a +1 vampiric whip.
The gnoll draws strength from your wounds!
You aren't carrying any items that you can evoke.
Okay, then.
You closely miss the gnoll.
The gnoll hits you with a +1 vampiric whip.
* * * LOW HITPOINT WARNING * * *
You hit the gnoll.
The gnoll is heavily wounded.
The gnoll hits you with a +1 vampiric whip!
You die...

###.##########
.##.####.....#
.........###.#
.........###.#
..........##.#
..........##.#
.###.#....##.#
.............###########
................@g.....#
.#.......#######.#####.#
.......#.........# #.#
...#...#.#######.# #.#
.......#.# #.# #.#
...#...#.# #.# #.#
.......#.# #.# #.#
.......#.#######.# #.#
......##.#.......# #.#


You could see a gnoll.

Vanquished Creatures
  A dart slug (D:1)
  An endoplasm (D:1)
  A giant cockroach (D:1)
  A hobgoblin (D:1)
  A quokka (D:1)
  A ball python (D:1)
  A bat (D:1)
  3 rats
10 creatures vanquished.

Notes
Turn   | Place    | Note
-------+----------+-------------------------------------------
     0 | D:1      | tkbsonic5 the Deep Elf Monk began the quest for the Orb.
     0 | D:1      | Reached XP level 1. HP: 13/13 MP: 3/3
   542 | D:1      | Reached XP level 2. HP: 18/18 MP: 3/5
   631 | D:1      | Learned a level 2 spell: Wereblood
   789 | D:1      | Reached skill level 1 in Spellcasting
   956 | D:1      | Mangled by a gnoll

Illustrated notes

Levels and vault maps discovered:
D:1:      scummos_arrival_hexagon, layout_basic, minmay_misc_feat_pillars,
          nrook_campfire, grunt_decor_mini_mirrors
D:2:      layout_basic, basic_altar, hex_large, minmay_tromino_v7

Skill      XL: |  1  2 |
---------------+-------+-----
Spellcasting   | 1 |  1.1
Fighting       | |  2.5
Short Blades   | |  3.1
Dodging        | |  3.8
Stealth        | |  2.7

Action                   || total
-------------------------++-------
Melee: Short sword       ||    37
  Use: Scroll            ||     4
 Stab: Sleeping          ||     3
Armor: Robe              ||     3
Dodge: Dodged            ||    24
